 Dungeon Crawl Stone Soup version 0.19.0-20-gbc5f0c6 (webtiles) character file.

825 sugary the Changer (level 7, -15/57 HPs)
             Began as a Naga Transmuter on Nov 16, 2016.
             Demolished by Pikel
             ... wielding a +0 whip of electrocution
              (16 damage)
             ... on level 4 of the Dungeon.
             The game lasted 00:22:50 (5943 turns).

sugary the Changer (Naga Transmuter)                Turns: 5943, Time: 00:22:51

Health: -15/57     AC:  2    Str: 13    XL:     7   Next: 96%
Magic:  7/11       EV: 20    Int: 15    God:
Gold:   225        SH:  0    Dex: 16    Spells: 3 memorised, 5 levels left

rFire  . . .     SeeInvis +       - Unarmed
rCold  . . .     Gourm    .     (armour currently unavailable)
rNeg   . . .     Faith    .     (shield currently unavailable)
rPois  x         Spirit   .     (helmet currently unavailable)
rElec  .         Reflect  .     (cloak currently unavailable)
rCorr  .         Harm     .     (gloves currently unavailable)
MR     .....                    (no barding)
Stlth  +++.......               (no amulet)
                                (no ring)
                                (no ring)

@: short of breath, spider-form (expiring)
A: see invisible, (deformed body), (poison resistance), (slowness 0), slow
metabolism 1, spit poison 1, AC +2
a: Spit Poison, End Transformation


You were on level 4 of the Dungeon.
You were not hungry.
You were a venomous arachnid creature.
You visited 1 branch of the dungeon, and saw 4 of its levels.
You also visited: Sewer.

You collected 225 gold pieces.

Inventory:

Hand Weapons
 i - a +1 dagger of holy wrath
 k - a +2 dagger of venom
 x - a +0 blowgun
Missiles
 a - 85 arrows
 s - 2 throwing nets (quivered)
 y - 23 poisoned needles
Armour
 b - a +0 robe
 e - a +1 troll leather armour (melded) {Purgy}
 n - a +2 robe of the Archmagi
 p - a +0 cloak (melded)
Magical Staves
 m - an uncursed staff of summoning
Wands
 u - a wand of confusion (14/48)
Scrolls
 q - 3 scrolls of remove curse
 r - a scroll of identify
 B - a scroll of amnesia {unknown}
Potions
 h - 2 potions of mutation
 v - a potion of flight {unknown}
 w - a potion of haste {unknown}
Books
 c - a book of Changes

   Spells                             Type                      Level
   a - Beastly Appendage              Transmutation                1
   b - Sticks to Snakes               Transmutation                2
   c - Spider Form                    Transmutation/Poison         3
   d - Ice Form                       Ice/Transmutation            4
   e - Blade Hands                    Transmutation                5
Comestibles
 d - 5 bread rations
 f - a slice of pizza
 g - 4 fruits
 l - 2 meat rations


   Skills:
 - Level 1.0 Fighting
 + Level 0.3 Throwing
 - Level 3.1 Armour
 - Level 2.1 Dodging
 + Level 3.7 Stealth
 + Level 4.1 Unarmed Combat
 + Level 2.7 Spellcasting
 * Level 4.9 Transmutations
 - Level 4.4 Poison Magic


You had 5 spell levels left.
You knew the following spells:

 Your Spells              Type           Power        Failure   Level  Hunger
a - Beastly Appendage     Tmut           ###...       10%         1    #......
b - Sticks to Snakes      Tmut           ###.....     14%         2    ##.....
c - Spider Form           Tmut/Pois      ###.......   28%         3    ###....


Dungeon Overview and Level Annotations

Branches:
Dungeon (4/15)
 Temple: D:4-7

Altars:

Annotations:
D:4 Pikel


Innate Abilities, Weirdness & Mutations

You cannot wear boots.
((Your serpentine skin is tough. (AC +2)))
You have supernaturally acute eyesight. (SInv)
((Armour fits poorly on your strangely shaped body.))
((Your system is resistant to poisons. (rPois)))
((You cover ground very slowly.))
You have a slow metabolism.
You can spit poison.


Message History

Press: ? - help, Shift-Dir - straight line, f - Pikel
Aim: Pikel, wielding a whip of electrocution, wearing a robe and carrying a wand of lightning {empty} (severely wounded, poisoned)
The splash of poison misses the slave.
The splash of poison misses Pikel.
You feel slightly more hungry. The slave completely misses you.
The slave hits you.
* * * LOW HITPOINT WARNING * * *
You hit Pikel but do no damage.
Pikel looks as sick as possible!
Pikel is severely wounded.
Your transformation is almost over.
The slave completely misses you. The slave closely misses you.
You hit Pikel but do no damage.
Pikel looks as sick as possible!
Pikel is almost dead.
Pikel hits you with a whip of electrocution.
* * * LOW HITPOINT WARNING * * *
The slave completely misses you. The slave misses you.
Unknown command.
You hit Pikel.
Pikel looks as sick as possible!
Pikel is almost dead.
Pikel hits you but does no damage.
You are electrocuted!
You die...

........##..........## #....#....
........#............###.........
......................##.........
......................#.....#####
.......#..............#.....#
#...........................#
##..####................#####
##..####......pK.....#....# ##..#
##))...ps...#...##.# ##.#
#..###..........#.###### #####.##
##...#.##...............
.......## ###.#.##.........######
........#####...##...........###.
.....[...#<..##....#.....###.....
.............)....##..)..####....
........................[.###.#..
.......###..##.###...............


You could see Pikel and 2 slaves.

Vanquished Creatures
  Grinder (D:4)
  A slave (D:4)
  Purgy (Sewer)
  The ghost of Fear the Covered, an amateur MiFi of Gozag (D:3)
  Blork the orc (D:4)
  2 howler monkeys
  A hound (D:4)
  Ijyb (D:3)
  An orc wizard (D:3)
  A worker ant (D:4)
  2 gnolls (D:4)
  4 adders (D:2)
  2 river rats (D:3)
  4 oozes
  5 worms
  5 dart slugs
  6 leopard geckos
  7 orcs
  14 bats
  9 giant cockroaches
  8 goblins
  9 hobgoblins
  4 jackals (D:1)
  2 quokkas (D:2)
  A ball python (D:2)
  11 frilled lizards
  10 kobolds
  10 rats
124 creatures vanquished.

Vanquished Creatures (collateral kills)
  A gnoll (D:4)
  An adder (D:2)
  A worm (D:1)
  A ball python (D:3)
  A bat (D:2)
  2 goblins (D:2)
  A hobgoblin (D:2)
  A rat (D:1)
9 creatures vanquished.

Grand Total: 133 creatures vanquished

Notes
Turn   | Place    | Note
-------+----------+-------------------------------------------
     0 | D:1      | sugary the Naga Transmuter began the quest for the Orb.
     0 | D:1      | Reached XP level 1. HP: 18/18 MP: 3/3
   111 | D:1      | Reached XP level 2. HP: 3/25 MP: 5/5
   731 | D:1      | Learned a level 2 spell: Sticks to Snakes
   908 | D:1      | Reached XP level 3. HP: 25/31 MP: 1/6
  1462 | D:1      | Learned a level 3 spell: Spider Form
  1732 | D:1      | Reached skill level 1 in Poison Magic
  2046 | D:2      | Reached XP level 4. HP: 32/38 MP: 4/7
  2434 | D:2      | Found a faded altar of an unknown god.
  2796 | D:2      | Reached XP level 5. HP: 44/44 MP: 6/8
  3093 | D:2      | Reached skill level 1 in Stealth
  3446 | D:3      | Found a glowing drain.
  3580 | Sewer    | Entered a sewer
  3622 | Sewer    | Noticed Purgy
  3673 | Sewer    | Killed Purgy
  3673 | Sewer    | Reached XP level 6. HP: 51/51 MP: 9/9
  4106 | D:3      | Noticed Fear's ghost (amateur MiFi)
  4122 | D:3      | Reached skill level 1 in Armour
  4393 | D:3      | Noticed Ijyb
  4403 | D:3      | Killed Ijyb
  4816 | D:4      | Reached XP level 7. HP: 53/57 MP: 10/10
  4969 | D:4      | Noticed Blork the orc
  4981 | D:4      | Killed Blork the orc
  5032 | D:4      | Noticed Grinder
  5281 | D:4      | Noticed Pikel
  5485 | D:3      | Killed Fear's ghost
  5738 | D:4      | Paralysed by Grinder for 6 turns
  5750 | D:4      | Killed Grinder
  5942 | D:4      | HP: 1/57 [Pikel/whip of electrocution (6)]
  5943 | D:4      | Demolished by Pikel

Skill      XL: |  1  2  3  4  5  6  7 |
---------------+----------------------+-----
Poison Magic   | 1 3 4 |  4.4
Transmutations | 3 4 |  4.9
Dodging        | 2 |  2.1
Stealth        | 2 3 |  3.7
Armour         | 2 3 |  3.1
Unarmed Combat | 4 |  4.1
Fighting       | |  1.0
Throwing       | |  0.3
Spellcasting   | |  2.7

Action                   |  1- 3 |  4- 6 |  7- 9 || total
-------------------------+-------+-------+-------++-------
Melee: Unarmed           |   128 |   220 |    86 ||   434
       Headbutt          |    13 |    34 |    10 ||    57
       Punch             |     1 |     3 |     1 ||     5
 Fire: Blowgun           |       |       |    10 ||    10
 Cast: Beastly Appendage |    22 |    37 |     9 ||    68
       Sticks to Snakes  |     4 |    10 |     4 ||    18
       Spider Form       |       |     7 |     4 ||    11
 Abil: Spit Poison       |     5 |    16 |     9 ||    30
  Use: Scroll            |     1 |     7 |     2 ||    10
       Potion            |     1 |     3 |     1 ||     5
 Stab: Distracted        |     1 |       |     3 ||     4
       Sleeping          |       |     1 |       ||     1
  Eat: Chunk             |     3 |    10 |     3 ||    16
       Meat ration       |       |       |     1 ||     1
Armor: Robe              |    27 |    28 |     6 ||    61
       Troll leather arm |       |    35 |    17 ||    52
       Skin              |       |       |     1 ||     1
Dodge: Dodged            |    75 |   144 |    52 ||   271
